 Dungeon Crawl Stone Soup version 0.23.0 (webtiles) character file.

Game seed: 17461058898568263546

103 Monsterracer the Cudgeler (level 4, -1/29 HPs)
             Began as a Gargoyle Abyssal Knight on Feb 9, 2019.
             Was a Believer of Lugonu.
             Slain by a worker ant (6 damage)
             ... on level 4 of the Dungeon.
             The game lasted 00:02:33 (2902 turns).

Monsterracer the Cudgeler (Gargoyle Abyssal Knight) Turns: 2902, Time: 00:02:34

Health: -1/29      AC:  6    Str: 16    XL:     4   Next: 79%
Magic:  5/5        EV: 11    Int: 13    God:    Lugonu [**....]
Gold:   92         SH:  0    Dex:  9    Spells: 3/3 levels left

rFire    . . .     SeeInvis .   a - +1 mace
rCold    . . .     Gourm    .   (no shield)
rNeg     + . .     Faith    .   b - +0 leather armour
rPois    ∞         Spirit   .   (no helmet)
rElec    +         Reflect  .   (no cloak)
rCorr    .         Harm     .   (no gloves)
MR       .....                  (no boots)
Stlth    +.........             j - amulet of inaccuracy (curse)
HPRegen  0.09/turn              (no ring)
MPRegen  0.09/turn              (no ring)

@: no status effects
A: negative energy resistance 1, electricity resistance, unbreathing,
petrification resistance, rot immunity, AC +3
a: Depart the Abyss, Bend Space, Renounce Religion


You were on level 4 of the Dungeon.
You worshipped Lugonu.
Lugonu was pleased with you.
You were not hungry.

You visited 1 branch of the dungeon, and saw 5 of its levels.
You visited the Abyss 1 time.

You collected 92 gold pieces.

Inventory:

Hand Weapons
 a - a +1 mace (weapon)
Armour
 b - a +0 leather armour (worn)
Jewellery
 j - a cursed amulet of inaccuracy (around neck)
Scrolls
 d - 3 scrolls of enchant armour {unknown}
 e - a scroll of noise {unknown}
 f - 3 scrolls of identify {unknown}
 i - a scroll of random uselessness {unknown}
 k - a scroll of amnesia {unknown}
Potions
 g - a potion of magic {unknown}
 h - 3 potions of heal wounds {unknown}
Comestibles
 c - 4 rations


   Skills:
 + Level 3.6 Fighting
 * Level 4.5 Maces & Flails
 - Level 2.1 Armour
 - Level 0.7 Dodging
 - Level 2.0 Invocations


You had 3 spell levels left.
You didn't know any spells.
Your spell library was empty.

Dungeon Overview and Level Annotations

Branches:
Dungeon (5/15)             Temple (0/1) D:5

Altars:

Annotations:
D:4 Robin


Innate Abilities, Weirdness & Mutations

You are resistant to torment.
Your stone body is resilient. (AC +3)
You are immune to poison.
You resist negative energy. (rN+)
You are resistant to electric shocks. (rElec)
You can survive without breathing.
You are immune to petrification.
You are immune to rotting.


Message History

A goblin comes into view. It is wielding a +0 dagger.
A worker ant comes into view.
The goblin shouts!
The worker ant twitches its antennae in your direction.
The goblin hits you with a +0 dagger.
Robin roars a battlecry!
The hobgoblin goes into a battle-frenzy!
You hear a shout!
You take 1 damage, and have 23/28 hp.
The goblin closely misses you.
The goblin no longer looks unusually strong. x2
You sock the goblin!
You kill the goblin!
Lugonu accepts your kill.
You closely miss the goblin. The goblin hits you but does no damage.
You miss the hobgoblin. The goblin hits you but does no damage.
The hobgoblin barely misses you.
You hit the goblin.
The goblin is heavily wounded.
The goblin closely misses you. The hobgoblin barely misses you.
You barely miss the goblin.
The goblin is heavily wounded.
The goblin hits you but does no damage.
The hobgoblin hits you but does no damage.
You hit the goblin.
You kill the goblin!
Lugonu accepts your kill.
You hit the hobgoblin.
The hobgoblin is heavily wounded.
The hobgoblin misses you.
The goblin hits you with a cursed +0 dagger.
You take 1 damage, and have 24/29 hp.
You hit the hobgoblin.
The hobgoblin is severely wounded.
The hobgoblin barely misses you. The goblin hits you but does no damage.
You hit the hobgoblin.
You kill the hobgoblin!
Lugonu accepts your kill. The goblin hits you but does no damage.
The goblin misses you. Robin throws the goblin at you!
The goblin barely misses you.
Things that are here:
a +0 dagger; a goblin corpse The worker ant bites you but does no damage.
The goblin barely misses you. Robin hits you but does no damage.
You closely miss the goblin. The worker ant barely misses you.
The goblin hits you but does no damage.
Robin hits you from afar with a +0 spear of freezing.
Robin freezes you. The worker ant bites you.
You take 3 damage, and have 22/29 hp.
You closely miss the goblin.
The worker ant bites you but does no damage.
The goblin barely misses you. Robin hits you but does no damage.
You miss the goblin.
The worker ant bites you but does no damage.
The goblin barely misses you.
Robin hits you from afar with a +0 spear of freezing.
Robin freezes you.
The worker ant bites you but does no damage.
You take 5 damage, and have 17/29 hp.
You hit the goblin.
The goblin is severely wounded.
Robin hits you from afar with a +0 spear of freezing.
* * * LOW HITPOINT WARNING * * *
Robin freezes you.
* * * LOW HITPOINT WARNING * * *
The goblin misses you. The worker ant bites you.
* * * LOW HITPOINT WARNING * * *
You take 10 damage, and have 7/29 hp.
MASSIVE DAMAGE!!
Throwing (i - inventory)
m - a throwing net (quivered)
{!f}
Press: ? - help, Shift-Dir - straight line, f - worker ant
Aim: a worker ant Really fire
m - a throwing net {!f}?
You throw a throwing net {!f}.
The throwing net {!f} hits the worker ant.
The worker ant is caught in the net!
Robin roars a battlecry!
The goblin goes into a battle-frenzy!
The goblin hits you but does no damage.
The worker ant struggles against the net.
You hit the goblin.
You kill the goblin!
Lugonu accepts your kill.
The worker ant struggles against the net.
Robin hits you from afar with a +0 spear of freezing.
* * * LOW HITPOINT WARNING * * *
Robin freezes you.
* * * LOW HITPOINT WARNING * * *
The worker ant struggles against the net.
Robin closely misses you.
You take 3 damage, and have 4/29 hp.
The worker ant struggles against the net.
Robin misses you.
Unknown command.
The worker ant struggles against the net.
The net rips apart, and the worker ant comes free!
Robin misses you.
You hit the worker ant.
The worker ant is lightly wounded.
The worker ant bites you.
You die...

########## #ga))....#
############ #.#@..#..#
.....).>...###g#..#...#
<....##..g...gg#.#....#
####.##.......a##.....####
#g##........#####.....#
#)##........##.......##
#g##........#.#.....#.#
#g##........#..#...#..#
..##........#...#.#...#


You could see a worker ant and Robin.

Vanquished Creatures
  A crimson imp (D:4)
  3 adders
  2 dart slugs (D:2)
  2 orcs (D:2)
  4 bats
  A giant cockroach (D:1)
  10 goblins
  4 hobgoblins
  3 kobolds
  5 rats
35 creatures vanquished.

Notes
Turn   | Place    | Note
-------+----------+-------------------------------------------
     0 | Abyss:1  | Monsterracer the Gargoyle Abyssal Knight began the quest
                  | for the Orb.
     0 | Abyss:1  | Reached XP level 1. HP: 14/14 MP: 2/2
    11 | D:1      | Escaped the Abyss
   105 | D:1      | HP: 7/14 [hobgoblin (3)]
   434 | D:1      | Reached XP level 2. HP: 15/19 MP: 3/3
   903 | D:1      | Reached skill level 3 in Maces & Flails
  1524 | D:2      | Reached XP level 3. HP: 19/23 MP: 4/4
  1640 | D:2      | HP: 9/23 [adder (4)]
  1972 | D:2      | Reached ** piety under Lugonu
  1973 | D:2      | Noticed an orc warrior
  2044 | D:3      | HP: 8/23 [worm (7)]
  2065 | D:3      | You fall through a shaft!
  2341 | D:5      | Entered Level 5 of the Dungeon
  2341 | D:5      | Found a staircase to the Ecumenical Temple.
  2351 | D:5      | HP: 11/23 [adder (3)]
  2352 | D:5      | HP: 5/23 [adder (3)]
  2355 | D:5      | Reached skill level 4 in Maces & Flails
  2362 | D:5      | HP: 5/23 [worker ant zombie (1)]
  2640 | D:5      | Reached XP level 4. HP: 24/28 MP: 5/5
  2671 | D:4      | HP: 12/28 [crimson imp (3)]
  2849 | D:4      | Noticed Robin
  2897 | D:4      | HP: 14/29 [Robin/+0 spear of freezing (3)]
  2899 | D:4      | HP: 5/29 [Robin/+0 spear of freezing (2)]
  2902 | D:4      | Slain by a worker ant

Skill      XL: |  1  2  3 |
---------------+----------+-----
Maces & Flails | 3 4 |  4.5
Fighting       | |  3.6
Armour         | |  2.1
Dodging        | |  0.7
Invocations    | |  2.0

Action                   |  1- 3 |  4- 6 || total
-------------------------+-------+-------++-------
Melee: Mace              |   139 |    52 ||   191
Throw: Throwing net      |       |     1 ||     1
Invok: Bend Space        |     1 |       ||     1
  Eat: Chunk             |     5 |     1 ||     6
Armor: Leather armour    |    81 |    32 ||   113
Dodge: Dodged            |    99 |    31 ||   130

Levels and vault maps discovered:
D:1:      wander_arrival_peaceful_grave, layout_basic, corexii_leaking_fountain
D:2:      layout_loops_cross, uniq_sigmund
D:3:      layout_basic, tso_metal_star
D:4:      layout_basic, first_ration, hangedman_decor_diamond_cutter, uniq_robin
D:5:      cheibrodos_two_vegetables, layout_cave_pods,
          minmay_temple_entry_purple_smoke
Abyss:1
